 Dungeon Crawl Stone Soup version 0.22-a0-32-ga749362 (webtiles) character file.

2522 Lanoc the Archer (level 9, -7/81 HPs)
             Began as a Purple Draconian Wanderer on Jan 3, 2018.
             Was a Follower of Qazlal.
             Mangled by Gorglomux's ghost (11 damage)
             ... on level 7 of the Dungeon.
             The game lasted 00:14:22 (6116 turns).

Lanoc the Archer (Purple Draconian Wanderer)        Turns: 6116, Time: 00:14:22

Health: -7/81      AC: 10    Str: 14    XL:     9   Next: 29%
Magic:  12/12      EV: 15    Int: 13    God:    Qazlal [*.....]
Gold:   295        SH:  1    Dex: 14    Spells: 8/8 levels left

rFire    . . .     SeeInvis .   c - +0 mace
rCold    . . .     Gourm    .   (no shield)
rNeg     . . .     Faith    .   (armour unavailable)
rPois    .         Spirit   .   (helmet restricted)
rElec    .         Reflect  .   (no cloak)
rCorr    .         Harm     .   (no gloves)
MR       +....                  (no boots)
Stlth    ++........             l - amulet of rage
HPRegen  0.23/turn              u - +3 ring of protection
MPRegen  0.13/turn              (no ring)

@: berserk cooldown, slowed, very slow
A: breathe power, unfitting armour, cold-blooded, AC +7
a: Breathe Dispelling Energy, Renounce Religion, Evoke Berserk Rage


You were on level 7 of the Dungeon.
You worshipped Qazlal.
Qazlal was aware of your devotion.
You were very hungry.

You visited 2 branches of the dungeon, and saw 8 of its levels.

You collected 295 gold pieces.

Inventory:

Hand Weapons
 a - a +2 shortbow
 c - a +0 mace (weapon)
Missiles
 b - 8 arrows
Magical Staves
 q - an uncursed staff of wizardry
Jewellery
 l - an amulet of rage (around neck)
 u - a +3 ring of protection (left hand)
Wands
 m - a wand of random effects (27)
 x - a wand of acid (12)
 y - a wand of iceblast (8)
Scrolls
 d - 4 scrolls of teleportation
 e - 3 scrolls of remove curse
 g - a scroll of enchant weapon {unknown}
 h - a scroll of fog {unknown}
 i - a scroll of noise {unknown}
 p - a scroll of enchant armour {unknown}
 r - 2 scrolls of immolation {unknown}
 t - 3 scrolls of identify {unknown}
Potions
 j - 2 potions of haste {unknown}
 k - 2 potions of heal wounds {unknown}
 n - a potion of degeneration {unknown}
 o - 2 potions of curing
 z - a potion of mutation {unknown}
 A - a potion of lignification {unknown}
 B - a potion of resistance {unknown}
Books
 s - a book of Callings

   Spells                             Type                      Level
   a - Summon Small Mammal            Summoning                    1
   b - Call Imp                       Summoning                    2
   c - Call Canine Familiar           Summoning                    3
   d - Summon Guardian Golem          Hexes/Summoning              3
   e - Summon Lightning Spire         Summoning/Air                4
   f - Summon Ice Beast               Ice/Summoning                4
 v - a book of Minor Magic

   Spells                             Type                      Level
   a - Magic Dart                     Conjuration                  1
   b - Blink                          Translocation                2
   c - Call Imp                       Summoning                    2
   d - Slow                           Hexes                        2
   e - Conjure Flame                  Conjuration/Fire             3
   f - Mephitic Cloud                 Conjuration/Poison/Air       3
Comestibles
 f - 9 rations
 w - 6 chunks of flesh


   Skills:
 + Level 8.0 Fighting
 * Level 8.1 Bows
 + Level 5.3 Dodging
 - Level 1.0 Stealth
   Level 1.0 Shields
 + Level 5.2 Invocations


You had 8 spell levels left.
You didn't know any spells.

Dungeon Overview and Level Annotations

Branches:
Dungeon (7/15)             Temple (1/1) D:4

Altars:
Ashenzari
Cheibriados
Dithmenos
Elyvilon
Fedhas
Gozag
Hepliaklqana
Kikubaaqudgha
Makhleb
Nemelex Xobeh
Qazlal
Ru
Sif Muna
Trog
Uskayaw
Vehumet
Wu Jian
Xom
Yredelemnul
Zin
The Shining One

Shops:
D:6 !

Annotations:
D:7 Gorglomux's ghost, novice DDFi


Innate Abilities, Weirdness & Mutations

You can breathe bolts of dispelling energy.
Your rich purple scales are hard. (AC +7)
You cannot fit into any form of body armour.
You are cold-blooded and may be slowed by cold attacks.


Message History

Gorglomux's ghost is almost destroyed.
Gorglomux's ghost hits you but does no damage.
You barely miss Gorglomux's ghost.
Gorglomux's ghost is almost destroyed.
Gorglomux's ghost hits you.
* * * LOW HITPOINT WARNING * * *
You closely miss Gorglomux's ghost.
Gorglomux's ghost is almost destroyed.
Gorglomux's ghost closely misses you.
You closely miss Gorglomux's ghost. You tail-slap Gorglomux's ghost.
Gorglomux's ghost is almost destroyed.
You are no longer berserk.
You are exhausted.
You feel yourself slow down. Gorglomux's ghost hits you.
* * * LOW HITPOINT WARNING * * *
You hit Gorglomux's ghost but do no damage.
You tail-slap Gorglomux's ghost, but do no damage.
Gorglomux's ghost is almost destroyed.
Gorglomux's ghost hits you!
You die...

#....##.##.# #.#
###..#####.# #.# ##
#..#####.####.# ### .#
#.............# ..#
##.###.######.###### #.#
##...##.# #.# #.#
##.....### #.# #.#
###.......#######.# #.#
..(..._..(((.(.W@.#
#####.#####
###.......#########
#.......... # ##.....##
#.###.##### #
###...############# #.#
#.#
###.##.##...........###.#
#.####
....##.......######.....#
#....# ############.#
####### ####.# ##.## #.#
#########.#.## #.#


You could see Gorglomux's ghost.

Vanquished Creatures
  The ghost of Gorglomux the Covered, a novice DDFi (D:6)
  Prince Ribbit (D:5)
  Edmund (D:6)
  A water moccasin (D:6)
  2 black bears (D:6)
  2 necrophages (D:6)
  A phantom (D:7)
  A centaur (D:6)
  4 ogres
  2 bullfrogs
  A scorpion (D:4)
  5 crimson imps (D:5)
  A centaur zombie (D:5)
  A bullfrog zombie (D:6)
  2 hounds
  A bullfrog skeleton (D:5)
  3 orc wizards
  A centaur skeleton (D:7)
  Ijyb (D:3)
  4 worker ants
  3 gnolls (D:6)
  2 adders
  2 shadow imps (D:5)
  3 oozes
  An adder skeleton (D:5)
  A worm (D:3)
  4 dart slugs
  2 leopard geckos
  12 orcs
  4 ball pythons
  8 bats
  3 giant cockroaches
  8 goblins
  18 hobgoblins
  8 kobolds
  2 quokkas
  6 frilled lizards
  8 rats
131 creatures vanquished.

Notes
Turn   | Place    | Note
-------+----------+-------------------------------------------
     0 | D:1      | Lanoc the Draconian Wanderer began the quest for the Orb.
     0 | D:1      | Lanoc set off with: a +2 shortbow, 25 arrows, a +0 mace, a scroll of teleportation, a ration
     0 | D:1      | Reached XP level 1. HP: 22/22 MP: 1/1
    72 | D:1      | Reached XP level 2. HP: 28/28 MP: 2/2
   157 | D:1      | Reached skill level 1 in Dodging
   488 | D:2      | Found an opulent altar of Gozag.
   588 | D:2      | Reached XP level 3. HP: 35/35 MP: 3/3
  1077 | D:2      | Reached skill level 5 in Fighting
  1279 | D:3      | Noticed Ijyb
  1285 | D:3      | Killed Ijyb
  1285 | D:3      | Reached XP level 4. HP: 42/42 MP: 4/4
  2182 | D:4      | Reached XP level 5. HP: 48/48 MP: 5/5
  2210 | D:4      | Found a staircase to the Ecumenical Temple.
  2211 | D:4      | Noticed an ogre
  2222 | D:4      | Killed an ogre
  2232 | Temple   | Entered the Ecumenical Temple
  2584 | Temple   | Became a worshipper of Qazlal Stormbringer
  2645 | D:4      | You fall through a shaft!
  2645 | D:5      | Entered Level 5 of the Dungeon
  2649 | D:5      | Noticed an ogre
  2655 | D:5      | Killed an ogre
  2655 | D:5      | Reached skill level 5 in Bows
  2655 | D:5      | Reached XP level 6. HP: 40/57 MP: 6/6
  2662 | D:5      | Reached skill level 1 in Invocations
  2760 | D:5      | Found a glowing golden altar of the Shining One.
  3070 | D:5      | Your scales start taking on a rich purple colour.
  3070 | D:5      | Reached XP level 7. HP: 63/63 MP: 8/8
  3178 | D:5      | Noticed Prince Ribbit
  3185 | D:5      | Killed Prince Ribbit
  3316 | D:5      | Found a deep blue altar of Sif Muna.
  3428 | D:5      | Found a shimmering altar of Xom.
  3429 | D:5      | Found a burning altar of Makhleb.
  3517 | D:5      | Found a shimmering altar of Xom.
  3697 | D:6      | Reached XP level 8. HP: 40/71 MP: 10/10
  4164 | D:6      | Noticed Edmund
  4182 | D:6      | Killed Edmund
  4199 | D:6      | Found a hazy altar of Hepliaklqana.
  4407 | D:6      | Found a bloodstained altar of Trog.
  4657 | D:6      | Noticed Gorglomux's ghost (novice DDFi)
  4680 | D:6      | Killed Gorglomux's ghost
  4680 | D:6      | Reached skill level 5 in Dodging
  4680 | D:6      | Reached XP level 9. HP: 37/80 MP: 12/12
  5447 | D:6      | Found Gion's Distillery.
  5646 | D:7      | Found a basalt altar of Yredelemnul.
  5709 | D:7      | Found a shattered altar of Ashenzari.
  5786 | D:7      | Found a snail-covered altar of Cheibriados.
  5915 | D:7      | Reached * piety under Qazlal
  5915 | D:7      | Reached skill level 5 in Invocations
  6080 | D:7      | Noticed Gorglomux's ghost (novice DDFi)
  6115 | D:7      | HP: 4/81 [Gorglomux's ghost (3)]
  6116 | D:7      | Mangled by Gorglomux's ghost

Vault maps used:
D:1:      nicolae_arrival_washed_ashore
D:2:      lemuel_round_altar, hangedman_decor_riveting
D:3:      grunt_decor_mini_mirrors, uniq_ijyb
D:4:      temple_statues, first_ration, minmay_misc_feat_tower
D:5:      grunt_temple_overflow_champion_of_chaos, kennysheep_mini,
          nicolae_overflow_crystal_walls, led_xom_imps, uniq_prince_ribbit1
D:6:      overflow_temple_1_default, serial_shops, kennysheep_little_box,
          trog_ov_bears_minmay, uniq_edmund
D:7:      nicolae_overflow_hidden_temple, lemuel_round_altar,
          overflow_temple_1_default, sigmund_army
Temple:   minmay_temple_forest_path

Skill      XL: |  1  2  3  4  5  6  7  8  9 |
---------------+----------------------------+-----
Dodging        | 1 2 3 4 5 |  5.3
Bows           | 4 5 6 7 8 |  8.1
Fighting       | 5 6 7 8 |  8.0
Invocations    | 1 3 4 5 |  5.2
Stealth        | |  1.0
Shields        | |  1.0

Action                   |  1- 3 |  4- 6 |  7- 9 || total
-------------------------+-------+-------+-------++-------
Melee: Mace              |    16 |       |    33 ||    49
       Tailslap          |     3 |       |     6 ||     9
 Fire: Shortbow          |   101 |   152 |   292 ||   545
 Abil: Evoke Berserk Rag |       |       |     2 ||     2
  Use: Scroll            |       |       |     1 ||     1
  Eat: Chunk             |       |     6 |     3 ||     9
       Ration            |       |       |     2 ||     2
Armor: Skin              |    17 |     9 |    53 ||    79
Dodge: Dodged            |    27 |    31 |   116 ||   174
Block: Other             |       |       |     3 ||     3

Table legend:
 A = Spawn XP
 B = Non-spawn XP
 C = Spawn XP percentage of total XP
 D = Spawn monster count
 E = Non-spawn monster count
 F = Spawn count percentage of total count
 G = Total turns spent on level
                    A         B        C        D         E        F      G
               +---------+---------+-------+---------+---------+-------+---------
         Total |       0 |    3604 |   0.0 |       0 |     131 |   0.0 |  6116
               +---------+---------+-------+---------+---------+-------+---------
           D:1 |       0 |      35 |   0.0 |       0 |      22 |   0.0 |   469
           D:2 |       0 |      47 |   0.0 |       0 |      19 |   0.0 |   772
           D:3 |       0 |      98 |   0.0 |       0 |      26 |   0.0 |   917
           D:4 |       0 |     183 |   0.0 |       0 |       3 |   0.0 |   112
           D:5 |       0 |     866 |   0.0 |       0 |      23 |   0.0 |   986
           D:6 |       0 |    1792 |   0.0 |       0 |      16 |   0.0 |  1943
           D:7 |       0 |     583 |   0.0 |       0 |      22 |   0.0 |   542
               +---------+---------+-------+---------+---------+-------+---------
